 Dungeon Crawl Stone Soup version 0.29.1-debian-4-g95531337e3 (webtiles) character file.

Game seed: 12786287275495970578

267 Dreamer the Insei (level 6, -8/38 HPs)
             Began as an Octopode Transmuter on Sept 13, 2022.
             Mangled by a gnoll
             ... wielding a +0 halberd
              (16 damage)
             ... on level 5 of the Dungeon.
             The game lasted 00:10:21 (4054 turns).

Dreamer the Insei (Octopode Transmuter)             Turns: 4054, Time: 00:10:22

Health: -8/38      AC:  1    Str:  9    XL:     6   Next: 21%
Magic:  9/9        EV: 13    Int: 18    God:
Gold:   168        SH:  0    Dex: 17    Spells: 5/9 levels left

rFire   . . .      SeeInvis .   x - +1 short sword (elec)
rCold   . . .      Faith    .   (no shield)
rNeg    + . .      Spirit   .   (helmet restricted)
rPois   +          Reflect  .   (no amulet)
rElec   .          Harm     .   b - ring of poison resistance
rCorr   .          Rampage  .   s - ring of Palisa {rN+ Dex+5 Stlth+}
Will    .....                   (no ring)
Stlth   +++++.....              (no ring)
HPRegen 0.12/turn               (no ring)
MPRegen 0.11/turn               (no ring)
                                (no ring)
                                (no ring)

@: no status effects
A: almost no armour, amphibious, 8 rings, camouflage 1, gelatinous body 1,
(nimble swimmer 1), tentacles
a: no special abilities


You were on level 5 of the Dungeon.
You visited 1 branch of the dungeon, and saw 5 of its levels.

You collected 168 gold pieces.

Inventory:

Hand Weapons
 x - a +1 short sword of electrocution (weapon)
 z - a +3 short sword
Magical Staves
 r - a staff of poison
Jewellery
 b - a ring of poison resistance (left tentacle)
 s - the ring of Palisa (right tentacle) {rN+ Dex+5 Stlth+}
   (You found it on level 2 of the Dungeon)

   [ring of positive energy]

   Dex:       It affects your dexterity (+5).
   rN:        It protects you from negative energy.
   Stlth:     It makes you more stealthy.
Scrolls
 e - a scroll of vulnerability {unknown}
 f - 2 scrolls of noise {unknown}
 g - a scroll of fog {unknown}
 h - a scroll of brand weapon {unknown}
 k - a scroll of amnesia {unknown}
 n - a scroll of enchant armour {unknown}
 p - a scroll of blinking {unknown}
 u - a scroll of identify
 v - a scroll of poison {unknown}
 y - a scroll of magic mapping {unknown}
Potions
 a - a potion of lignification
 c - a potion of heal wounds {unknown}
 d - 2 potions of invisibility
 i - a potion of magic {unknown}
 j - 3 potions of brilliance
 l - a potion of attraction {unknown}
 m - 2 potions of curing
 o - 2 potions of resistance
 q - a potion of cancellation {unknown}
 t - a potion of mutation {unknown}
 w - a potion of might {unknown}
 A - a potion of berserk rage {unknown}


   Skills:
 - Level 1.0 Fighting
 - Level 2.0 Dodging
 + Level 3.6 Stealth
 * Level 4.8 Unarmed Combat
 - Level 2.0 Spellcasting
 * Level 4.2 Transmutations


You had 5 spell levels left.
You knew the following spells:

 Your Spells              Type           Power      Damage    Failure   Level
a - Beastly Appendage     Tmut           32%        N/A       3%          1
b - Spider Form           Tmut/Pois      9%         N/A       22%         3

Your spell library contained the following spells:

 Spells                   Type           Power      Damage    Failure   Level
 Wereblood                Tmut           16%        N/A       4%          2
 Kindle Blastsparks       Fire/Tloc/Air  2%         2d10      47%         3
 Ice Form                 Ice/Tmut       9%         N/A       58%         4
 Fulminant Prism          Conj/Hex       0%         3d6       87%         4
 Iskenderun's Mystic Bla  Conj/Tloc      1%         2d3       87%         4
 Lee's Rapid Deconstruct  Erth           0%         3d5*      99%         5


Dungeon Overview and Level Annotations

Branches:
Dungeon (5/15)
 Temple: D:4-7

Altars:
Xom
Zin

Annotations:
D:3 Sigmund
D:4 exclusion: phantom, Dowan; Duvessa
D:5 1 transporter, fly's ghost, weakling DgDe


Innate Abilities, Weirdness & Mutations

You cannot wear most types of armour.
You are amphibious.
You can wear up to eight rings at the same time.
Your skin changes colour to match your surroundings (Stealth+).
Your rubbery body absorbs attacks. (AC +1, EV +1)
((You are camouflaged when in or above water. (Stealth+)))
You have tentacles for arms and can constrict up to eight enemies at once.


Message History

The gnoll barely misses you.
You hit the gnoll.
You squeeze the gnoll, but do no damage.
The gnoll is heavily wounded.
You constrict the gnoll. The gnoll hits you with a +0 flail.
You hit the gnoll. Lightning courses through the gnoll!
You kill the gnoll!
You hit the gnoll. You grab the gnoll. You squeeze the gnoll!
The gnoll is severely wounded.
You constrict the gnoll. The gnoll barely misses you. The gnoll misses you.
You hit the gnoll. Your squeeze misses the gnoll.
The gnoll is almost dead.
You constrict the gnoll.
You kill the gnoll!
The gnoll misses you. The gnoll barely misses you.
Items here: ( )) †.
You hit the gnoll. Your grab misses the gnoll.
The gnoll is lightly wounded.
The gnoll barely misses you.
You hit the gnoll. You grab the gnoll.
The gnoll is moderately wounded.
You constrict the gnoll. The gnoll hits you with a +0 halberd!
You hit the gnoll.
You squeeze the gnoll, but do no damage.
The gnoll is heavily wounded.
You constrict the gnoll, but do no damage.
The gnoll misses you.
The hound barks!
You hit the gnoll but do no damage.
The gnoll is heavily wounded.
You constrict the gnoll. The gnoll hits you with a +0 halberd!
* * * LOW HITPOINT WARNING * * *
You hit the gnoll but do no damage.
The gnoll is heavily wounded.
You constrict the gnoll. The gnoll misses you.
You barely miss the gnoll.
The gnoll is severely wounded.
You constrict the gnoll. The gnoll hits you with a +0 halberd!
You die...

............. ## #.# ..
................ #.# ####...
................ #.# .......
................##.##.......
####.<.....##. #.........h..
# #...........#.#.##....g..
####.......###.#.#.##.....g.
#..........# #...g..h......P
#.##.......# ###@##.##......
#..........# #.##.##...P..
#.##......## #.....>......
#.##......########...##.....
#..................#......
..#...#.#########....##...
..#...### #.#### .. ..[...#
#..# ...#.#### ##.#


You could see a hound and a gnoll.

Vanquished Creatures
  2 hounds (D:5)
  6 adders
  9 gnolls
  A worm (D:3)
  3 dart slugs
  An orc (D:4)
  10 ball pythons
  7 endoplasms
  A giant cockroach (D:2)
  3 goblins
  7 hobgoblins
  2 quokkas
  A frilled lizard (D:2)
  5 kobolds
  4 rats
62 creatures vanquished.

Vanquished Creatures (others)
  21 plants
21 creatures vanquished.

Grand Total: 83 creatures vanquished

Notes
Turn   | Place    | Note
-------+----------+-------------------------------------------
     0 | D:1      | Dreamer the Octopode Transmuter began the quest for the
                  | Orb.
     0 | D:1      | Reached XP level 1. HP: 13/13 MP: 3/3
    97 | D:1      | Reached XP level 2. HP: 17/18 MP: 5/5
   163 | D:1      | Reached skill level 1 in Stealth
   453 | D:1      | Reached XP level 3. HP: 20/23 MP: 6/6
   744 | D:1      | Found a faded altar of an unknown god.
   978 | D:2      | Found a shimmering altar of Xom.
  1300 | D:2      | Reached XP level 4. HP: 21/28 MP: 7/7
  1756 | D:2      | Learned a level 3 spell: Spider Form
  1809 | D:2      | Identified the ring of Palisa {rN+ Dex+5 Stlth+}
  1984 | D:2      | You fall into a shaft and drop 2 floors!
  2001 | D:4      | Found a glowing silver altar of Zin.
  2148 | D:4      | Noticed a phantom
  2292 | D:4      | Noticed Duvessa
  2293 | D:4      | Reached XP level 5. HP: 33/33 MP: 8/8
  2296 | D:5      | Entered Level 5 of the Dungeon
  2323 | D:5      | Found a transporter.
  2323 | D:5      | Noticed fly's ghost (weakling DgDe)
  2387 | D:3      | Noticed Sigmund
  3568 | D:4      | Noticed Dowan
  3599 | D:4      | Noticed an ogre
  3795 | D:5      | Reached XP level 6. HP: 12/38 MP: 9/9
  4054 | D:5      | Mangled by a gnoll

Illustrated notes

Levels and vault maps discovered:
D:1:      scummos_arrival_checkerplants, layout_basic,
          ebering_ecumenical_altar_rust
D:2:      layout_basic, basic_altar
D:3:      layout_loops_ring, kennysheep_boxes, uniq_sigmund
D:4:      layout_cave_pods, lemuel_tele_altar, uniq_duvessa
D:5:      layout_loops_cross, lemuel_zombie_altar_kikubaaqudgha,
          gammafunk_ghost_mausoleum, hex_large, nicolae_grassy_gnolls

Skill      XL: |  1  2  3  4  5 |
---------------+----------------+-----
Stealth        | 1 2 3 |  3.6
Transmutations | 3 4 |  4.2
Unarmed Combat | 4 |  4.8
Fighting       | |  1.0
Dodging        | |  2.0
Spellcasting   | |  2.0

Action                   |  1- 3 |  4- 6 || total
-------------------------+-------+-------++-------
Melee: Unarmed           |    61 |    18 ||    79
       Constrict         |    21 |    20 ||    41
       Kick              |     2 |       ||     2
       Tentacles         |    11 |    18 ||    29
       Punch             |     4 |     1 ||     5
       Mace              |       |    23 ||    23
       Short sword       |       |    38 ||    38
 Cast: Beastly Appendage |     1 |       ||     1
  Use: Scroll            |       |     4 ||     4
 Stab: Sleeping          |     6 |     6 ||    12
       Distracted        |     1 |       ||     1
Armor: Skin              |     1 |     1 ||     2
Dodge: Dodged            |    31 |    49 ||    80
